TOP OF THE 1ST |
Wichita Wranglers batting - Pitching for Salem Silver Souls : RHP Pat Wyatt
|
Pitching: RHP Pat Wyatt
|
|
Batting: RHB Gabriel Erwin
|
0-0: Ball 1-0: Ball 2-0: Called Strike 2-1: Fly out, F9 (Flyball, 9D)
|
Batting: SHB José López
|
0-0: SINGLE (Groundball, 34D)
|
Batting: RHB Hubert MacDonald
|
0-0: Ball 1-0: Called Strike 1-1: Ball 2-1: SINGLE (Groundball, 56D) José López to second
|
Batting: RHB Oliver Todd
|
0-0: Fielders Choice at 2nd, 6-4 (Groundball, 56) José López to third
|
Batting: RHB Félix Gonzáles
|
0-0: Swinging Strike 0-1: Foul Ball, location: 2F 0-2: Fly out, F9 (Flyball, 9S)
|
Top of the 1st over - 0 run(s), 2 hit(s), 0 error(s), 2 left on base; Wichita 0 - Salem 0 |
BOTTOM OF THE 1ST |
Salem Silver Souls batting - Pitching for Wichita Wranglers : RHP Greg Reeves
|
Pitching: RHP Greg Reeves
|
|
Batting: LHB Joel Nelson
|
0-0: Swinging Strike 0-1: Fly out, F7 (Flyball, 7LM)
|
Batting: RHB Augusto Baiano
|
0-0: Called Strike 0-1: Ball 1-1: Swinging Strike 1-2: Strikes out swinging
|
Batting: RHB Jim Villiers
|
0-0: Swinging Strike 0-1: Swinging Strike 0-2: Strikes out looking
|
Bottom of the 1st over - 0 run(s), 0 hit(s), 0 error(s), 0 left on base; Wichita 0 - Salem 0 |
TOP OF THE 2ND |
Wichita Wranglers batting - Pitching for Salem Silver Souls : RHP Pat Wyatt
|
Batting: LHB Milo Powers
|
0-0: Called Strike 0-1: Ball 1-1: Foul Ball, location: 2F 1-2: Ball 2-2: SINGLE (Line Drive, 9LS)
|
Batting: LHB Richard Hinkle
|
0-0: Foul Ball, location: 2F 0-1: Foul Ball, location: 2F 0-2: Ball 1-2: Foul Ball, location: 2F 1-2: Strikes out swinging
|
Batting: RHB José López
|
0-0: Called Strike 0-1: Foul Ball, location: 2F 0-2: Strikes out looking
|
Batting: RHB Jesús Ramos
|
0-0: Called Strike 0-1: Ball 1-1: Ball 2-1: Ball 3-1: Ground out 1-3 (Groundball, 15)
|
Top of the 2nd over - 0 run(s), 1 hit(s), 0 error(s), 1 left on base; Wichita 0 - Salem 0 |
BOTTOM OF THE 2ND |
Salem Silver Souls batting - Pitching for Wichita Wranglers : RHP Greg Reeves
|
Batting: LHB Hamilton Hughes
|
0-0: Fly out, F8 (Flyball, 8RD)
|
Batting: SHB Tony Yan
|
0-0: Called Strike 0-1: Swinging Strike 0-2: Strikes out swinging
|
Batting: SHB Jesús Sosa
|
0-0: Foul Ball, location: 2F 0-1: Foul Ball, location: 2F 0-2: Ball 1-2: Ball 2-2: Foul Ball, location: 2F 2-2: Ball 3-2: Base on Balls
|
Batting: SHB Dawson Fowler
|
0-0: Ball 1-0: Called Strike 1-1: Foul Ball, location: 2F 1-2: Foul Ball, location: 2F 1-2: Ball 2-2: Strikes out swinging
|
Bottom of the 2nd over - 0 run(s), 0 hit(s), 0 error(s), 1 left on base; Wichita 0 - Salem 0 |
TOP OF THE 3RD |
Wichita Wranglers batting - Pitching for Salem Silver Souls : RHP Pat Wyatt
|
Batting: RHB Gabriel Erwin
|
0-0: Ground out 5-3 (Groundball, 56S)
|
Batting: SHB José López
|
0-0: Ball 1-0: Called Strike 1-1: Ball 2-1: Ball 3-1: Base on Balls
|
Batting: RHB Hubert MacDonald
|
0-0: Ball 1-0: Called Strike 1-1: Foul Ball, location: 2F 1-2: Strikes out swinging José López steals 2nd base Batter strikes out.
|
Batting: RHB Oliver Todd
|
0-0: Ground out 6-3 (Groundball, 6S)
|
Top of the 3rd over - 0 run(s), 0 hit(s), 0 error(s), 1 left on base; Wichita 0 - Salem 0 |
BOTTOM OF THE 3RD |
Salem Silver Souls batting - Pitching for Wichita Wranglers : RHP Greg Reeves
|
Batting: SHB Francis Shaffer
|
0-0: Ball 1-0: Ball 2-0: Ground out 4-3 (Groundball, 4)
|
Batting: RHB Jack Snyder
|
0-0: Foul Ball, location: 2F 0-1: Fly out, F5 (Popup, 5L)
|
Batting: LHB Joel Nelson
|
0-0: Ball 1-0: Ball 2-0: SINGLE (Flyball, 7LS)
|
Batting: RHB Augusto Baiano
|
0-0: Called Strike 0-1: Swinging Strike 0-2: Fielders Choice at 2nd, 6-4 (Groundball, 6)
|
Bottom of the 3rd over - 0 run(s), 1 hit(s), 0 error(s), 0 left on base; Wichita 0 - Salem 0 |
TOP OF THE 4TH |
Wichita Wranglers batting - Pitching for Salem Silver Souls : RHP Pat Wyatt
|
Batting: RHB Félix Gonzáles
|
0-0: Ball 1-0: Ball 2-0: Ball 3-0: Base on Balls
|
Batting: LHB Milo Powers
|
0-0: Ball 1-0: Foul Ball, location: 2F 1-1: Ball 2-1: Called Strike 2-2: Ball 3-2: Foul Ball, location: 2F 3-2: Base on Balls Félix Gonzáles to second
|
Batting: LHB Richard Hinkle
|
0-0: Swinging Strike 0-1: Ball 1-1: Foul Ball, location: 2F 1-2: Ball 2-2: SINGLE (Line Drive, 34) Félix Gonzáles to third Milo Powers to second Runner from 3rd tries for Home, SAFE, throw made home
|
Batting: RHB José López
|
0-0: Ball 1-0: Swinging Strike 1-1: Grounds into double play, 4-6-3 (Groundball, 4) Milo Powers to third
|
Pitching: RHP Phil Schroeder
|
|
Batting: RHB Jesús Ramos
|
0-0: Foul Ball, location: 2F 0-1: Foul Ball, location: 2F 0-2: Strikes out swinging
|
Top of the 4th over - 1 run(s), 1 hit(s), 0 error(s), 1 left on base; Wichita 1 - Salem 0 |
BOTTOM OF THE 4TH |
Salem Silver Souls batting - Pitching for Wichita Wranglers : RHP Greg Reeves
|
Batting: RHB Jim Villiers
|
0-0: Ball 1-0: Called Strike 1-1: Ball 2-1: Swinging Strike 2-2: Strikes out looking
|
Batting: LHB Hamilton Hughes
|
0-0: Foul Ball, location: 2F 0-1: Swinging Strike 0-2: Ball 1-2: Strikes out looking
|
Batting: SHB Tony Yan
|
0-0: Swinging Strike 0-1: Swinging Strike 0-2: Ball 1-2: Ball 2-2: Ball 3-2: Strikes out swinging
|
Bottom of the 4th over - 0 run(s), 0 hit(s), 0 error(s), 0 left on base; Wichita 1 - Salem 0 |
TOP OF THE 5TH |
Wichita Wranglers batting - Pitching for Salem Silver Souls : RHP Phil Schroeder
|
Batting: RHB Gabriel Erwin
|
0-0: Ground out 6-3 (Groundball, 6)
|
Batting: SHB José López
|
0-0: Ground out U3 (Groundball, 3)
|
Batting: RHB Hubert MacDonald
|
0-0: Called Strike 0-1: Ground out 5-3 (Groundball, 5L)
|
Top of the 5th over - 0 run(s), 0 hit(s), 0 error(s), 0 left on base; Wichita 1 - Salem 0 |
BOTTOM OF THE 5TH |
Salem Silver Souls batting - Pitching for Wichita Wranglers : RHP Greg Reeves
|
Batting: SHB Jesús Sosa
|
0-0: SINGLE (Groundball, 4MD)
|
Batting: SHB Dawson Fowler
|
0-0: Ball 1-0: Fielders Choice at 2nd, 4-6 (Groundball, 34)
|
Batting: SHB Francis Shaffer
|
0-0: Called Strike 0-1: Ball 1-1: Fly out, F8 (Flyball, 78M)
|
Batting: RHB Jack Snyder
|
0-0: Ball 1-0: Ball 2-0: Fly out, F8 (Flyball, 8RD)
|
Bottom of the 5th over - 0 run(s), 1 hit(s), 0 error(s), 1 left on base; Wichita 1 - Salem 0 |
TOP OF THE 6TH |
Wichita Wranglers batting - Pitching for Salem Silver Souls : RHP Phil Schroeder
|
Batting: RHB Oliver Todd
|
0-0: Ground out 5-3 (Groundball, 5D)
|
Batting: RHB Félix Gonzáles
|
0-0: Ground out 5-3 (Groundball, 56)
|
Batting: LHB Milo Powers
|
0-0: Ball 1-0: Ball 2-0: Called Strike 2-1: Foul Ball, location: 2F 2-2: Ball 3-2: Foul Ball, location: 2F 3-2: Strikes out swinging
|
Top of the 6th over - 0 run(s), 0 hit(s), 0 error(s), 0 left on base; Wichita 1 - Salem 0 |
BOTTOM OF THE 6TH |
Salem Silver Souls batting - Pitching for Wichita Wranglers : RHP Greg Reeves
|
Batting: LHB Joel Nelson
|
0-0: Ball 1-0: Called Strike 1-1: Fly out, F7 (Flyball, 78S)
|
Batting: RHB Augusto Baiano
|
0-0: Called Strike 0-1: Ball 1-1: Ball 2-1: Ball 3-1: Called Strike 3-2: TRIPLE (Line Drive, 9LS)
|
Batting: RHB Jim Villiers
|
0-0: Ball 1-0: SINGLE (Flyball, 89S) Augusto Baiano scores
|
Batting: LHB Hamilton Hughes
|
0-0: Swinging Strike 0-1: Ball 1-1: Ball 2-1: Ball 3-1: SINGLE (Line Drive, 6MD) Jim Villiers to second
|
Batting: SHB Tony Yan
|
0-0: Ball 1-0: Swinging Strike 1-1: Fly out, F8 (Line Drive, 8RM)
|
Batting: SHB Jesús Sosa
|
0-0: Foul Ball, location: 2F 0-1: SINGLE (Groundball, 34D) Jim Villiers to third Hamilton Hughes to second Runner from 3rd tries for Home, SAFE, no throw
|
Batting: SHB Dawson Fowler
|
0-0: Called Strike 0-1: Ground out 3-1 (Groundball, 34)
|
Bottom of the 6th over - 2 run(s), 4 hit(s), 0 error(s), 2 left on base; Wichita 1 - Salem 2 |
TOP OF THE 7TH |
Wichita Wranglers batting - Pitching for Salem Silver Souls : RHP Phil Schroeder
|
Batting: LHB Richard Hinkle
|
0-0: Ground out U3 (Groundball, 34)
|
Batting: RHB José López
|
0-0: SINGLE (Groundball, 6MD) (infield hit)
|
Pinch Hitting: SHB Wayne Matthews
|
0-0: Called Strike 0-1: Ball 1-1: Foul Ball, location: 2F 1-2: Strikes out swinging
|
Batting: RHB Gabriel Erwin
|
0-0: Ball José López is caught stealing 2nd base
|
Top of the 7th over - 0 run(s), 1 hit(s), 0 error(s), 0 left on base; Wichita 1 - Salem 2 |
BOTTOM OF THE 7TH |
Salem Silver Souls batting - Pitching for Wichita Wranglers : RHP Greg Reeves
|
Now at SS: Juan Glaviz
|
|
Batting: SHB Francis Shaffer
|
0-0: Ball 1-0: Ground out 5-3 (Groundball, 56S)
|
Batting: RHB Jack Snyder
|
0-0: Ball 1-0: DOUBLE (Flyball, 89M)
|
Batting: LHB Joel Nelson
|
0-0: Intentional Walk
|
Pinch Hitting: LHB Lyle Wilson
|
0-0: SINGLE (Groundball, 6D) Jack Snyder to third Joel Nelson to second
|
Batting: RHB Jim Villiers
|
0-0: Ball 1-0: SINGLE (Groundball, 6D) Jack Snyder scores Joel Nelson to third Lyle Wilson to second
|
Pitching: LHP Jeff Jackson
|
|
Pinch Hitting: RHB Tom Hughes
|
0-0: Ball 1-0: Ball 2-0: Ball 3-0: Base on Balls Joel Nelson scores Lyle Wilson to third Jim Villiers to second
|
Batting: SHB Tony Yan
|
0-0: Ball 1-0: Called Strike 1-1: Ball 2-1: Fly out, F4 (Line Drive, 4)
|
Batting: SHB Jesús Sosa
|
0-0: Ball 1-0: Foul Ball, location: 2F 1-1: Fly out, F7 (Flyball, 7S)
|
Bottom of the 7th over - 2 run(s), 3 hit(s), 0 error(s), 3 left on base; Wichita 1 - Salem 4 |
TOP OF THE 8TH |
Wichita Wranglers batting - Pitching for Salem Silver Souls : RHP Phil Schroeder
|
Now at 1B: Lyle Wilson
|
|
Now at 2B: Tom Hughes
|
|
Batting: RHB Gabriel Erwin
|
0-0: Ball 1-0: Ball 2-0: Foul Ball, location: 2F 2-1: Ball 3-1: Fly out, F8 (Flyball, 78XD)
|
Batting: SHB José López
|
0-0: Fly out, F8 (Flyball, 8LD)
|
Batting: RHB Hubert MacDonald
|
0-0: Ball 1-0: Called Strike 1-1: Ball 2-1: Called Strike 2-2: Strikes out swinging
|
Top of the 8th over - 0 run(s), 0 hit(s), 0 error(s), 0 left on base; Wichita 1 - Salem 4 |
BOTTOM OF THE 8TH |
Salem Silver Souls batting - Pitching for Wichita Wranglers : LHP Jeff Jackson
|
Batting: SHB Dawson Fowler
|
0-0: Ball 1-0: Ball 2-0: Ball 3-0: Called Strike 3-1: Foul Ball, location: 2F 3-2: Base on Balls
|
Batting: SHB Francis Shaffer
|
0-0: Sac Bunt - play at first, batter OUT! 1-3 Dawson Fowler to second
|
Batting: RHB Jack Snyder
|
0-0: Intentional Walk
|
Batting: LHB Joel Nelson
|
0-0: Swinging Strike 0-1: Swinging Strike 0-2: Strikes out swinging
|
Batting: LHB Lyle Wilson
|
0-0: Ball 1-0: Ball 2-0: Ground out 3-1 (Groundball, 23)
|
Bottom of the 8th over - 0 run(s), 0 hit(s), 0 error(s), 2 left on base; Wichita 1 - Salem 4 |
TOP OF THE 9TH |
Wichita Wranglers batting - Pitching for Salem Silver Souls : RHP Phil Schroeder
|
Pitching: RHP Ramón Marerro
|
|
Batting: RHB Oliver Todd
|
0-0: Ball 1-0: Ball 2-0: SINGLE (Groundball, 6MD)
|
Batting: RHB Félix Gonzáles
|
0-0: Fly out, F7 (Flyball, 7)
|
Batting: LHB Milo Powers
|
0-0: Called Strike 0-1: Called Strike 0-2: Foul Ball, location: 2F 0-2: Foul Ball, location: 2F 0-2: Ball 1-2: SINGLE (Groundball, 34S) (infield hit) Oliver Todd to second
|
Batting: LHB Richard Hinkle
|
0-0: Ground out 4-3 (Groundball, 34D) Oliver Todd to third Milo Powers to second
|
Pinch Hitting: RHB Jorge Barbosa
|
0-0: Ball 1-0: Ball 2-0: Called Strike 2-1: Ball 3-1: Base on Balls
|
Batting: SHB Juan Glaviz
|
0-0: Ball 1-0: Ground out 5-3 (Groundball, 5S)
|
Top of the 9th over - 0 run(s), 2 hit(s), 0 error(s), 3 left on base; Wichita 1 - Salem 4 |
|